 Dungeon Crawl Stone Soup version 0.30-a0-1164-ge08a67761e (webtiles) character file.

Game seed: 6265707446624320531

818 Lavandula the Chopper (level 7, 0/50 HPs)
             Began as a Mummy Wanderer on Apr 29, 2023.
             Slain by a lemure (5 damage)
             ... led by Pikel
             ... on level 6 of the Dungeon.
             The game lasted 00:08:40 (4734 turns).

Lavandula the Chopper (Mummy Wanderer)              Turns: 4734, Time: 00:08:40

Health: 0/50       AC:  6    Str: 18    XL:     7   Next: 62%
Magic:  7/7        EV: 15    Int: 10    God:
Gold:   281        SH:  0    Dex: 12    Spells: 6/6 levels left

rFire   x . .        a - +1 hand axe
rCold   + + .        (no shield)
rNeg    + + +        n - +1 ring mail {rC+}
rPois   ∞            (no helmet)
rElec   .            (no cloak)
rCorr   .            (no gloves)
SInv    .            (no boots)
Will    .....        (no amulet) Stlth
                     o - +5 ring of evasion
HPRegen 0.28/turn    (no ring)
MPRegen 0.10/turn

%: faith
@: confused, about to teleport
A: cold resistance 1, negative energy resistance 3, torment resistance 2, heat
vulnerability 1, in touch with death 1, no potions, faith
a: no special abilities


You were on level 6 of the Dungeon.
You visited 2 branches of the dungeon, and saw 7 of its levels.
You also visited: Ossuary.

You collected 481 gold pieces.
You spent 200 gold pieces at shops.

Inventory:

Hand Weapons
 a - a +1 hand axe (weapon)
Missiles
 h - 2 poisoned darts (quivered)
 q - 3 silver boomerangs
Armour
 i - a +0 leather armour of poison resistance
 l - a +2 robe of willpower
 n - a +1 ring mail of cold resistance (worn)
Jewellery
 o - a +5 ring of evasion (left hand)
Wands
 b - a wand of polymorph (3)
 d - a wand of acid (5)
Scrolls
 c - 4 scrolls of fear
 e - 3 scrolls of magic mapping {unknown}
 f - a scroll of vulnerability
 g - 2 scrolls of immolation {unknown}
 j - 5 scrolls of teleportation
 k - 2 scrolls of poison
 m - a scroll of silence
 p - 2 scrolls of fog
 r - 2 scrolls of enchant armour {unknown}
 s - a scroll of amnesia {unknown}
 t - a scroll of brand weapon {unknown}
 u - a scroll of acquirement {unknown}


   Skills:
 - Level 2.0 Fighting
 + Level 7.4 Axes
 - Level 1.0 Armour
 - Level 4.1 Evocations


You had 6 spell levels left.
You didn't know any spells.
Your spell library contained the following spells:

 Spells                   Type           Power      Damage    Failure   Level
 Slow                     Hex            0%         N/A       56%         1
 Confusing Touch          Hex            0%         N/A       90%         3
 Inner Flame              Hex/Fire       0%         N/A       90%         3
 Vampiric Draining        Necr           0%         2d6       90%         3
 Flame Wave               Conj/Fire      0%         2d4       100%        4
 Sticky Flame             Conj/Fire      0%         2d3       100%        4


Dungeon Overview and Level Annotations

Branches:
Dungeon (6/15)             Temple (1/1) D:4         Ossuary (visited)

Altars:
Ashenzari
Dithmenos
Kikubaaqudgha
Makhleb
Nemelex Xobeh
Okawaru
Qazlal
Ru
Uskayaw
Wu Jian
Xom

Shops:
D:4 !?*

Annotations:
D:1 1 transporter
D:4 1 runed translucent door, Crazy Yiuf
D:6 Pikel


Innate Abilities, Weirdness & Mutations

You are immune to poison.
Your flesh is cold resistant. (rC+)
You are immune to negative energy. (rN+++)
You are immune to unholy pain and torment.
You are vulnerable to heat. (rF-)
You are in touch with the powers of death.
You do not drink.
You have a special connection with the divine. (Faith)


Message History

The lemure barely misses you.
Pikel blinks!
Unknown command.
The lemure attacks as you move away! The lemure hits you.
The lemure attacks as you move away! The lemure closely misses you.
Unknown command.
The lemure hits you. The lemure closely misses you.
Unknown command.
You bump into the rock wall.
The lemure misses you. The lemure hits you but does no damage.
The lemure attacks as you move away! The lemure barely misses you. x2
Found a dented silver amulet.
You bump into the rock wall.
The lemure hits you but does no damage. The lemure hits you.
The lemure closely misses you. The lemure attacks as you move away!
The lemure misses you. x2
The lemure hits you but does no damage. The lemure misses you.
The lemure hits you! The lemure hits you.
Press: ? - help, v - describe, . - travel
Here: Pikel the golden eye (lightly wounded)
The floor.
You miss the lemure. You hit the lemure. You barely miss the lemure.
You miss the lemure.
You feel less confused.
Pikel pulsates ominously.
The lemure hits you. The lemure barely misses you. The lemure hits you!
The lemure completely misses you.
Unknown command.
The lemure attacks as you move away! The lemure hits you.
Pikel blinks!
The lemure misses you. The lemure hits you. The lemure closely misses you.
Unknown command.
As you read the scroll of teleportation, it crumbles to dust.
You feel strangely unstable.
The lemure hits you. x2; The lemure hits you!
* * * LOW HITPOINT WARNING * * *
The lemure hits you.
* * * LOW HITPOINT WARNING * * *
Pikel blinks at you.
You are confused.
You closely miss the lemure.
You hit the lemure. x2; You miss the lemure.
Pikel blinks!
The lemure hits you but does no damage. The lemure hits you.
You die...

..# #............
#...###............
#.......######....
##......## ##..
##...§..#
#..##...## #..
##..O## #. ##.55##
. ##5@.# ..
##5.......
#G....... #........
#.......# .......##
."....## .....##


You could see an ogre, 4 lemures and Pikel the golden eye.

Vanquished Creatures
  2 phantoms (D:5)
  A scorpion (D:4)
  3 elf skeletons (D:5)
  2 howler monkeys
  2 hounds (D:5)
  2 human zombies (D:5)
  8 mummies (Ossuary)
  6 adders
  A white imp (D:3)
  2 ufetubi (D:5)
  A worm (D:2)
  4 dart slugs
  4 orcs
  2 bats
  5 endoplasms
  A giant cockroach (D:4)
  8 hobgoblins
  2 jackals (D:2)
  4 kobolds
  4 quokkas
  6 ball pythons
  5 frilled lizards
  A hobgoblin zombie (Ossuary)
  4 kobold zombies (Ossuary)
  An orc skeleton (D:5)
  3 orc zombies (Ossuary)
  A rat (D:3)
85 creatures vanquished.

Vanquished Creatures (others)
  2 fungi (D:4)
  A plant (D:5)
3 creatures vanquished.

Grand Total: 88 creatures vanquished

Notes
Turn   | Place    | Note
-------+----------+-------------------------------------------
     0 | D:1      | Lavandula the Mummy Wanderer began the quest for the Orb.
     0 | D:1      | Lavandula set off with the following items: a +1 hand axe,
                  | a wand of polymorph (10), a scroll of fear, a +0 leather
                  | armour.
     0 | D:1      | Reached XP level 1. HP: 16/16 MP: 1/1
    88 | D:1      | Reached skill level 2 in Axes
   203 | D:1      | Reached XP level 2. HP: 19/22 MP: 2/2
   813 | D:2      | Gained mutation: You are in touch with the powers of death.
                  | [Mummy growth]
   813 | D:2      | Reached XP level 3. HP: 19/27 MP: 3/3
   896 | D:2      | Reached skill level 3 in Axes
   920 | D:2      | Found a faded altar of an unknown god.
  1071 | D:3      | Found a burning altar of Makhleb.
  1669 | D:3      | Reached XP level 4. HP: 14/33 MP: 4/4
  2131 | D:4      | Found Naxzajyu's Assorted Antiques.
  2131 | D:4      | Found Laofouw's Magic Scroll Shop.
  2131 | D:4      | Found Rimabag's Distillery.
  2136 | D:4      | Bought a scroll labelled SOOTOKHLAKA for 25 gold pieces
  2136 | D:4      | Bought a knobbly garnet ring for 125 gold pieces
  2182 | D:4      | Found an ancient bone altar of Kikubaaqudgha.
  2520 | D:4      | Bought a scroll of fog for 40 gold pieces
  2520 | D:4      | Bought a scroll of noise for 10 gold pieces
  2560 | D:4      | Reached skill level 4 in Axes
  2702 | D:4      | Noticed a scorpion
  2710 | D:4      | Killed a scorpion
  2711 | D:4      | Reached XP level 5. HP: 36/38 MP: 5/5
  2836 | D:4      | Found a staircase to the Ecumenical Temple.
  2850 | Temple   | Entered the Ecumenical Temple
  3008 | D:4      | Found a runed translucent door.
  3009 | D:4      | Noticed Crazy Yiuf
  3052 | D:5      | Entered Level 5 of the Dungeon
  3193 | D:5      | Found a sparkling altar of Nemelex Xobeh.
  3214 | D:5      | Noticed a phantom
  3259 | D:5      | Noticed a phantom
  3260 | D:5      | Killed a phantom
  3261 | D:5      | Reached skill level 5 in Axes
  3261 | D:5      | Reached XP level 6. HP: 41/44 MP: 6/6
  3327 | D:5      | Noticed Sigmund
  3331 | D:5      | Sigmund changed into Sigmund the howler monkey
  3331 | D:5      | Noticed Sigmund
  3342 | D:5      | Killed Sigmund the howler monkey
  3343 | D:5      | Reached skill level 6 in Axes
  3518 | D:5      | Found a sand-covered staircase.
  3542 | D:5      | Reached XP level 7. HP: 37/50 MP: 7/7
  3544 | Ossuary  | Entered an ossuary
  3768 | Ossuary  | HP: 1/50 [mummy (15)]
  4068 | D:5      | Reached skill level 7 in Axes
  4694 | D:6      | Noticed Pikel
  4697 | D:6      | Pikel changed into Pikel the golden eye
  4697 | D:6      | Noticed Pikel
  4734 | D:6      | Slain by a lemure

Illustrated notes

Levels and vault maps discovered:
D:1:      spicycebolla_arrival_risky_transporter, layout_rooms,
          dk_noncrumbling_3, minmay_pentomino_p2
D:2:      layout_basic, hellmonk_ecumenical_altar_pennies_from_heaven
D:3:      minmay_chambers_of_threes, layout_loops_ring, general_overflow_altar,
          serial_aquarium, aquarium_bridge_square [aquarium_subvault_bridge,
          aquarium_subvault_balcony, aquarium_subvault_bridge,
          aquarium_subvault_window], aquarium_bridge_island_large
          [aquarium_subvault_large_water, aquarium_subvault_window,
          aquarium_subvault_bridge, aquarium_subvault_bridge,
          aquarium_subvault_balcony], aquarium_window_corner, aquarium_window_3,
          aquarium_view_2b, aquarium_balcony_1b, aquarium_pool_side
D:4:      layout_basic, lemuel_doored_altar, minmay_temple_entry_poolview,
          kennysheep_diamond, nicolae_shop_distant_corner_stores,
          uniq_crazy_yiuf_cottage
D:5:      layout_rooms, nemelex_xobeh_ov_fountains_minmay, elyvilon_altar_1,
          nicolae_ossuary_entry_catacombs, minivault_19, kennysheep_donut,
          chequers_big_river, uniq_sigmund
D:6:      layout_layer_cave, grunt_temple_overflow_open, uniq_pikel,
          uniq_menkaure
Temple:   nicolae_temple_ecumenical_triangle

Skill      XL: |  1  2  3  4  5  6  7 |
---------------+----------------------+-----
Axes           | 2 3 4 5 6 7 |  7.4
Fighting       | |  2.0
Armour         | |  1.0
Evocations     | |  4.1

Action                     |  1- 3 |  4- 6 |  7- 9 || total
---------------------------+-------+-------+-------++-------
  Melee: Hand axe          |   132 |   157 |   137 ||   426
         Punch             |       |       |     5 ||     5
  Throw: Dart              |       |     3 |     1 ||     4
  Evoke: Wand              |       |    10 |     3 ||    13
    Use: Scroll            |       |     4 |     1 ||     5
 Armour: Leather armour    |    32 |       |       ||    32
         Ring mail         |     6 |    39 |    23 ||    68
  Dodge: Dodged            |    72 |   114 |   103 ||   289

Table legend: (Time is in decaauts)
 A = Elapsed time spent in this place.
 B = Non-inter-level travel time spent in this place.
 C = Inter-level travel time spent in this place.
 D = Time resting spent in this place.
 E = Time spent auto-exploring this place.
 F = Levels seen in this place.
 G = Mean time per level.
                   A        B        C        D        E       F      G
               +--------+--------+--------+--------+--------+-----+--------+
         Total |   4771 |   4469 |    302 |    348 |   2949 |   8 |  596.4 |
       Dungeon |   4231 |   3930 |    301 |     76 |   2881 |   6 |  705.2 |
        Temple |     36 |     36 |      0 |      0 |     18 |   1 |   36.0 |
       Ossuary |    504 |    504 |      0 |    272 |     50 |   1 |  504.0 |
               +--------+--------+--------+--------+--------+-----+--------+

Top non-repeatable levels by time:
     D:5: 1106 daAuts
     D:3: 1075 daAuts
     D:4: 918 daAuts
     D:1: 547 daAuts
     D:2: 540 daAuts
 Ossuary: 504 daAuts
     D:6: 42 daAuts
  Temple: 36 daAuts
